 Dungeon Crawl Stone Soup version 0.24.0-123-gd5b16e6ec5 (webtiles) character file.

Game seed: 9557718845430597618, levelgen mode: deterministic

38 Destapler the Caller (level 3, 0/24 HPs)
             Began as a Merfolk Summoner on Dec 29, 2019.
             Slain by Sigmund
             ... wielding a +0 scythe
              (11 damage)
             ... on level 2 of the Dungeon.
             The game lasted 00:11:56 (1669 turns).

Destapler the Caller (Merfolk Summoner)             Turns: 1669, Time: 00:11:57

Health: 0/24       AC:  2    Str:  8    XL:     3   Next: 43%
Magic:  3/6        EV: 13    Int: 15    God:
Gold:   55         SH:  0    Dex: 14    Spells: 3/6 levels left

rFire    . . .     SeeInvis .   a - +2 whip (elec)
rCold    . . .     Gourm    .   (no shield)
rNeg     . . .     Faith    .   r - +0 robe
rPois    .         Spirit   .   (no helmet)
rElec    .         Reflect  .   (no cloak)
rCorr    .         Harm     .   (no gloves)
MR       .....                  (no boots)
Stlth    ++........             (no amulet)
HPRegen  0.08/turn              (no ring)
MPRegen  0.10/turn              (no ring)

@: no status effects
A: change form in water, swift swim, stealthy swim
a: no special abilities


You were on level 2 of the Dungeon.
You were hungry.

You visited 1 branch of the dungeon, and saw 2 of its levels.

You collected 55 gold pieces.

Inventory:

Hand Weapons
 a - a +2 whip of electrocution (weapon)
Armour
 r - a +0 robe (worn)
Scrolls
 e - a scroll of identify {unknown}
 f - a scroll of magic mapping {unknown}
Potions
 d - a potion of heal wounds {unknown}
Comestibles
 b - 2 chunks of flesh
 c - a ration


   Skills:
 + Level 0.3 Maces & Flails
 - Level 3.0 Dodging
 + Level 2.9 Stealth
 + Level 2.4 Spellcasting
 + Level 4.3 Summonings


You had 3 spell levels left.
You knew the following spells:

 Your Spells              Type           Power        Failure   Level  Hunger
b - Call Imp              Summ           ##......     5%          2    ###....
m - Summon Small Mammal   Summ           ##..         3%          1    #......

Your spell library contained the following spells:

 Spells                   Type           Power        Failure   Level  Hunger
 Call Canine Familiar     Summ           ##......     11%         3    ###....
 Summon Guardian Golem    Hex/Summ       #.......     26%         3    ###....
 Summon Ice Beast         Ice/Summ       #.......     65%         4    #####..
 Summon Lightning Spire   Summ/Air       #.......     65%         4    #####..


Dungeon Overview and Level Annotations

Branches:
Dungeon (2/15)

Altars:

Annotations:
D:2 Sigmund


Message History

Sigmund mumbles some strange words.
Sigmund flickers and vanishes!
Deactivating autopickup; reactivate with Ctrl-A.
The jackal misses you. The jackal bites you.
You closely miss the jackal. The jackal barely misses you.
The jackal closely misses you.
Your white imp gestures at the jackal.
The puff of frost hits the jackal!
The jackal dies!
You hit the jackal but do no damage. Lightning courses through the jackal!
You kill the jackal!
You see here a jackal corpse.
You butcher the jackal corpse.
Something barely misses you.
Things that are here:
2 chunks of flesh; a jackal skeleton
b - 2 chunks of flesh Your white imp disappears in a puff of smoke!
Something hits you!
You miss something. Something hits you!
You die...

##.## ... #..## ..#
##..## . ..# ##..# #.#
..# ##.## #... ..# #..#
.... ##..# ##.###
#.#.###..# #...##
##(.....@# ###...
#......รท5## ###.
..........# #.
..........# #.
..........######## #.
.................#### #.
..........######....####.
#........## ####......
.......... #######


You could see a friendly crimson imp.

Vanquished Creatures
  An adder (D:2)
  2 bats (D:1)
  2 giant cockroaches (D:1)
  2 goblins (D:1)
  A hobgoblin (D:1)
  A jackal (D:2)
  2 kobolds
  2 rats (D:1)
13 creatures vanquished.

Vanquished Creatures (collateral kills)
  A dart slug (D:1)
  A leopard gecko (D:1)
  4 bats (D:1)
  3 goblins (D:1)
  3 hobgoblins (D:1)
  A jackal (D:2)
  2 kobolds (D:1)
  A ball python (D:1)
  3 frilled lizards
  A rat (D:1)
20 creatures vanquished.

Grand Total: 33 creatures vanquished

Notes
Turn   | Place    | Note
-------+----------+-------------------------------------------
     0 | D:1      | Destapler the Merfolk Summoner began the quest for the Orb.
     0 | D:1      | Reached XP level 1. HP: 13/13 MP: 3/3
   309 | D:1      | Reached XP level 2. HP: 15/19 MP: 5/5
   320 | D:1      | Learned a level 2 spell: Call Imp
  1219 | D:1      | Reached XP level 3. HP: 23/24 MP: 3/6
  1661 | D:2      | Noticed Sigmund
  1669 | D:2      | Slain by Sigmund

Levels and vault maps discovered:
D:1:      saegor_arrival_simple_c, layout_basic, kennysheep_nondescript,
          chequers_arboretum, minmay_tall_x
D:2:      layout_rooms, kennysheep_decorative_pillar, bh_walls_and_bars,
          uniq_sigmund

Skill      XL: |  1  2 |
---------------+-------+-----
Dodging        | 3 |  3.0
Maces & Flails | |  0.3
Stealth        | |  2.9
Spellcasting   | |  2.4
Summonings     | |  4.3

Action                   || total
-------------------------++-------
Melee: Unarmed           ||    68
       Whip              ||    23
 Cast: Summon Small Mamm ||     8
       Call Imp          ||    17
  Eat: Chunk             ||     3
Armor: Robe              ||    37
Dodge: Dodged            ||    86
